AoeStats
← dizzygreenman

Hideout

509803145Analyzed
1v1 RM · 4d ago on Sep 28, 2026· 54m 46s· 2 players
Game mode
Random Map
Map size
Tiny (2 player)
Population
200
Speed
Normal
Resources
Standard
Victory
Conquest
Starting age
Dark Age
Ending age
Imperial Age
RankedLock teamsTeams togetherTeam positionsShared explorationLock speedFull tech treeHidden civsTurbo modeCheats
Victory
Defeat
🇨🇴 Persians · Colombia
176
+15
🇺🇸 Tatars · United States
164
-15
dizzygreenman
17:22 Feudal Age
18:11 Horse Collar
21:31 Wheelbarrow
21:20 Double-Bit Axe
27:09 Castle Age
25:32 Fletching
25:45 Padded Archer Armor
25:56 Town Watch
27:13 Forging
27:09 Scale Barding Armor
27:52 Bodkin Arrow
28:13 Leather Archer Armor
28:02 Heavy Plow
28:18 Bow Saw
29:03 Husbandry
29:20 Bloodlines
30:43 Hand Cart
32:49 Chain Barding Armor
33:05 Iron Casting
32:06 Light Cavalry
35:18 Loom
ACUBATTE
8:59 Loom
11:48 Feudal Age
18:43 Castle Age
17:17 Double-Bit Axe
17:52 Horse Collar
20:04 Heavy Plow
21:38 Bow Saw
22:01 Gold Mining
22:41 Stone Mining
24:05 Wheelbarrow
26:08 Hand Cart
33:05 Gold Shaft Mining
33:09 Stone Shaft Mining
38:08 Pikeman
39:32 Kamandaran
42:05 Imperial Age
39:26 Town Watch
40:01 Squires
39:47 Arson
40:08 Scale Mail Armor
40:14 Scale Barding Armor
40:20 Forging
40:16 Husbandry
40:26 Bloodlines
40:53 Gambesons
41:49 Halberdier
42:57 Citadels
42:11 Crossbowman
43:59 Padded Archer Armor
45:20 Chain Barding Armor
45:17 Thumb Ring
45:30 Cavalier
49:53 Chemistry
49:14 Ballistics
48:18 Elite War Elephant
49:21 Conscription
50:12 Elite Skirmisher
51:12 Elite Skirmisher
Connection lost

Rejoining the realm…

Still unreachable

The connection could not be restored.

Session expired

The server has moved on; the page needs a fresh start.